AoeStats
← eljeringas

Coastal Forest

510917456Analyzed
4v4 RM · 17h ago on Oct 3, 2026· 37m 5s· 8 players
Game mode
Random Map
Map size
Large (8 player)
Population
200
Speed
Normal
Resources
Standard
Victory
Conquest
Starting age
Dark Age
Ending age
Imperial Age
RankedLock teamsTeams togetherTeam positionsShared explorationLock speedFull tech treeHidden civsTurbo modeCheats
Victory
Defeat
🇺🇸 Mongols · United States
1214
+12
🇨🇱 Saracens · Chile
1076
+18
🇲🇽 Teutons · Mexico
1047
+19
🇲🇽 Wei · Mexico
1024
+19
🇺🇸 Franks · United States
1171
-19
🇺🇸 Britons · United States
1119
-17
🇺🇸 Aztecs · United States
1080
-16
🇺🇸 Varangians · United States
1078
-16
Zakur
9:26 Loom
11:12 Feudal Age
12:08 Double-Bit Axe
20:08 Castle Age
25:31 Horse Collar
27:55 Fletching
28:10 Scale Barding Armor
31:18 Husbandry
31:28 Bloodlines
31:34 Bodkin Arrow
eljeringas
7:07 Loom
10:16 Feudal Age
10:51 Double-Bit Axe
12:03 Horse Collar
12:11 Horse Collar
19:16 Castle Age
17:38 Bloodlines
17:46 Scale Barding Armor
19:19 Stone Mining
21:07 Chain Barding Armor
21:01 Bow Saw
23:46 Forging
26:23 Stone Mining
26:24 Gold Mining
28:39 Pikeman
29:19 Squires
32:35 Heavy Plow
38:12 Wheelbarrow
37:23 Town Watch
blacklopez
7:16 Loom
10:42 Feudal Age
11:19 Double-Bit Axe
14:10 Fletching
16:06 Padded Archer Armor
20:41 Wheelbarrow
24:11 Castle Age
22:28 Gold Mining
24:22 Crossbowman
25:00 Stone Mining
25:47 Gold Shaft Mining
25:18 Bodkin Arrow
26:25 Bow Saw
30:24 Leather Archer Armor
32:35 Ballistics
33:12 Husbandry
33:16 Town Watch
33:57 Bloodlines
NIXXT103
3:42 Loom
10:55 Feudal Age
11:25 Double-Bit Axe
19:07 Castle Age
16:54 Horse Collar
17:06 Gold Mining
17:07 Stone Mining
20:24 Bow Saw
20:20 Heavy Plow
23:25 Forging
24:07 Wheelbarrow
24:57 Iron Casting
26:04 Scale Barding Armor
26:44 Bloodlines
26:34 Husbandry
27:38 Hand Cart
27:17 Town Watch
30:35 Husbandry
31:42 Chain Barding Armor
33:17 Town Patrol
34:18 Caravan
38:49 Imperial Age
Colonel Mudcrab
4:01 Loom
10:36 Feudal Age
11:58 Double-Bit Axe
12:29 Town Watch
13:20 Wheelbarrow
13:15 Horse Collar
14:59 Fletching
21:08 Castle Age
18:57 Fishing Lines
19:48 Stone Mining
22:05 Medium Warships
21:46 Gillnets
22:04 Town Patrol
23:43 Gold Mining
24:15 Bow Saw
25:25 Bodkin Arrow
29:46 Scale Barding Armor
32:48 Hand Cart
33:28 Heavy Plow
37:34 Imperial Age
Yawn
6:32 Loom
11:24 Feudal Age
17:12 Double-Bit Axe
20:35 Castle Age
19:15 Horse Collar
20:28 Fletching
21:54 Padded Archer Armor
22:41 Crossbowman
24:52 Bodkin Arrow
35:46 Ballistics
36:17 Pikeman
z00x
10:02 Loom
11:54 Feudal Age
10:54 Loom
13:20 Double-Bit Axe
13:24 Loom
16:38 Castle Age
15:21 Forging
18:16 Wheelbarrow
18:26 Scale Barding Armor
18:57 Iron Casting
34:58 Imperial Age
32:46 Hand Cart
33:50 Caravan
34:47 Chain Barding Armor
35:16 Fletching
Payntrayn
6:42 Loom
12:10 Feudal Age
12:37 Double-Bit Axe
24:26 Stone Mining
25:03 Gold Mining
34:41 Castle Age
35:04 Forging
34:55 Scale Mail Armor
35:39 Bow Saw
Connection lost

Rejoining the realm…

Still unreachable

The connection could not be restored.

Session expired

The server has moved on; the page needs a fresh start.